TOP OF THE 1ST |
West Palm Reds batting - Pitching for Montgomery Biscuits : RHP Scott Walker
|
Pitching: RHP Scott Walker
|
|
Batting: SHB Francis Shaffer
|
0-0: Fly out, F9 (Line Drive, 9M)
|
Batting: RHB Juan Vareas
|
0-0: Foul Ball, location: 2F 0-1: Called Strike 0-2: Foul Ball, location: 2F 0-2: Ball 1-2: Strikes out swinging
|
Batting: LHB Enrique Cortéz
|
0-0: Called Strike 0-1: Called Strike 0-2: Ball 1-2: Strikes out looking
|
Top of the 1st over - 0 run(s), 0 hit(s), 0 error(s), 0 left on base; West Palm 0 - Montgomery 0 |
BOTTOM OF THE 1ST |
Montgomery Biscuits batting - Pitching for West Palm Reds : LHP Octávio Ramírez
|
Pitching: LHP Octávio Ramírez
|
|
Batting: RHB Gabriel Miranda
|
0-0: Ball 1-0: Ball 2-0: Foul Ball, location: 2F 2-1: Ball 3-1: Base on Balls
|
Batting: LHB John Haney
|
0-0: Foul Ball, location: 2F 0-1: Ball 1-1: Foul Ball, location: 2F 1-2: DOUBLE (Flyball, 78M) Gabriel Miranda to third Runner from 3rd tries for Home, SAFE, no throw or cutoff
|
Batting: SHB Andrew Curran
|
0-0: Fly out, F8 (Flyball, 8LD) Runner from 2nd tags up, SAFE at 3rd, no throw
|
Batting: LHB José Flores
|
0-0: Called Strike 0-1: Ball 1-1: Called Strike 1-2: Ball 2-2: Strikes out swinging
|
Batting: RHB Jean-Paul St-Pierre
|
0-0: Called Strike 0-1: Foul Ball, location: 2F 0-2: Strikes out swinging
|
Bottom of the 1st over - 1 run(s), 1 hit(s), 0 error(s), 1 left on base; West Palm 0 - Montgomery 1 |
TOP OF THE 2ND |
West Palm Reds batting - Pitching for Montgomery Biscuits : RHP Scott Walker
|
Batting: LHB Jeff McKinney
|
0-0: DOUBLE (Flyball, 89D)
|
Batting: RHB Jack Ray
|
0-0: Ball 1-0: Foul Ball, location: 2F 1-1: Called Strike 1-2: Strikes out swinging
|
Batting: LHB Jeff Doss
|
0-0: Ball 1-0: Ball 2-0: Ball 3-0: Called Strike 3-1: Base on Balls
|
Batting: LHB Jermaine Carter
|
0-0: Fly out, F7 (Line Drive, 7S)
|
Batting: LHB Bill Smith
|
0-0: Called Strike 0-1: Called Strike 0-2: Ground out 4-3 (Groundball, 4)
|
Top of the 2nd over - 0 run(s), 1 hit(s), 0 error(s), 2 left on base; West Palm 0 - Montgomery 1 |
BOTTOM OF THE 2ND |
Montgomery Biscuits batting - Pitching for West Palm Reds : LHP Octávio Ramírez
|
Batting: RHB Vicente Carona
|
0-0: SINGLE (Line Drive, 6M)
|
Batting: RHB Dave Williams
|
0-0: Hit by Pitch Vicente Carona to second
|
Batting: RHB Larry Mitchell
|
0-0: Called Strike 0-1: Swinging Strike 0-2: Ball 1-2: Strikes out swinging
|
Batting: RHB Pete Smith
|
0-0: Ball 1-0: Foul Ball, location: 2F 1-1: Called Strike 1-2: Fly out, F8 (Flyball, 8LM)
|
Batting: RHB Gabriel Miranda
|
0-0: Ball 1-0: Ball 2-0: Called Strike 2-1: Fly out, F7 (Flyball, 7M)
|
Bottom of the 2nd over - 0 run(s), 1 hit(s), 0 error(s), 2 left on base; West Palm 0 - Montgomery 1 |
TOP OF THE 3RD |
West Palm Reds batting - Pitching for Montgomery Biscuits : RHP Scott Walker
|
Batting: SHB Alex Hayes
|
0-0: Fly out, F7 (Flyball, 7M)
|
Batting: SHB Francis Shaffer
|
0-0: Fly out, F8 (Line Drive, 8LS)
|
Batting: RHB Juan Vareas
|
0-0: Called Strike 0-1: Foul Ball, location: 2F 0-2: Ground out 3-1 (Groundball, 34)
|
Top of the 3rd over - 0 run(s), 0 hit(s), 0 error(s), 0 left on base; West Palm 0 - Montgomery 1 |
BOTTOM OF THE 3RD |
Montgomery Biscuits batting - Pitching for West Palm Reds : LHP Octávio Ramírez
|
Batting: LHB John Haney
|
0-0: Called Strike 0-1: Called Strike 0-2: Ball 1-2: Ball 2-2: Fly out, F9 (Flyball, 89M)
|
Batting: SHB Andrew Curran
|
0-0: Called Strike 0-1: Fly out, F8 (Flyball, 8LM)
|
Batting: LHB José Flores
|
0-0: Foul Ball, location: 2F 0-1: Swinging Strike 0-2: Ball 1-2: Ball 2-2: Foul Ball, location: 2F 2-2: Ball 3-2: Strikes out looking
|
Bottom of the 3rd over - 0 run(s), 0 hit(s), 0 error(s), 0 left on base; West Palm 0 - Montgomery 1 |
TOP OF THE 4TH |
West Palm Reds batting - Pitching for Montgomery Biscuits : RHP Scott Walker
|
Batting: LHB Enrique Cortéz
|
0-0: Ball 1-0: Called Strike 1-1: Ball 2-1: Swinging Strike 2-2: Foul Ball, location: 2F 2-2: Ground out 4-3 (Groundball, 4M)
|
Batting: LHB Jeff McKinney
|
0-0: Ball 1-0: Called Strike 1-1: Ball 2-1: Foul Ball, location: 2F 2-2: Fly out, F7 (Line Drive, 78M)
|
Batting: RHB Jack Ray
|
0-0: Called Strike 0-1: Called Strike 0-2: Ball 1-2: Ball 2-2: SINGLE (Line Drive, 4M)
|
Batting: LHB Jeff Doss
|
0-0: Ball 1-0: Ball 2-0: Called Strike 2-1: Called Strike 2-2: Foul Ball, location: 2F 2-2: Foul Ball, location: 2F 2-2: Ground out 6-3 (Groundball, 6)
|
Top of the 4th over - 0 run(s), 1 hit(s), 0 error(s), 1 left on base; West Palm 0 - Montgomery 1 |
BOTTOM OF THE 4TH |
Montgomery Biscuits batting - Pitching for West Palm Reds : LHP Octávio Ramírez
|
Batting: RHB Jean-Paul St-Pierre
|
0-0: Ball 1-0: Called Strike 1-1: Fly out, F3 (Line Drive, 34S)
|
Batting: RHB Vicente Carona
|
0-0: Fly out, F7 (Flyball, 8LM)
|
Batting: RHB Dave Williams
|
0-0: Called Strike 0-1: Ball 1-1: Called Strike 1-2: SINGLE (Line Drive, 56D)
|
Batting: RHB Larry Mitchell
|
0-0: Called Strike 0-1: Ball 1-1: Ball 2-1: Foul Ball, location: 2F 2-2: DOUBLE (Flyball, 8LXD) Dave Williams to third
|
Batting: RHB Pete Smith
|
0-0: Called Strike 0-1: Foul Ball, location: 2F 0-2: Ball 1-2: Strikes out swinging
|
Bottom of the 4th over - 0 run(s), 2 hit(s), 0 error(s), 2 left on base; West Palm 0 - Montgomery 1 |
TOP OF THE 5TH |
West Palm Reds batting - Pitching for Montgomery Biscuits : RHP Scott Walker
|
Batting: LHB Jermaine Carter
|
0-0: Ground out 4-3 (Groundball, 4)
|
Batting: LHB Bill Smith
|
0-0: Ball 1-0: Ball 2-0: Fly out, F8 (Flyball, 78M)
|
Batting: SHB Alex Hayes
|
0-0: Ball 1-0: DOUBLE (Flyball, 78D)
|
Batting: SHB Francis Shaffer
|
0-0: Ground out 6-3 (Groundball, 6M)
|
Top of the 5th over - 0 run(s), 1 hit(s), 0 error(s), 1 left on base; West Palm 0 - Montgomery 1 |
BOTTOM OF THE 5TH |
Montgomery Biscuits batting - Pitching for West Palm Reds : LHP Octávio Ramírez
|
Batting: RHB Gabriel Miranda
|
0-0: Ball 1-0: Ball 2-0: Ball 3-0: Base on Balls
|
Batting: LHB John Haney
|
0-0: DOUBLE (Line Drive, 9LS) Gabriel Miranda to third
|
Batting: SHB Andrew Curran
|
0-0: Ball 1-0: Ball 2-0: Called Strike 2-1: Called Strike 2-2: Ground out 6-3 (Groundball, 6S) Gabriel Miranda scores John Haney to third
|
Batting: LHB José Flores
|
0-0: Swinging Strike 0-1: Foul Ball, location: 2F 0-2: Ball 1-2: Foul Ball, location: 2F 1-2: Foul Ball, location: 2F 1-2: Ball 2-2: Ball 3-2: Foul Ball, location: 2F 3-2: Base on Balls
|
Pitching: LHP Francisco Nieto
|
|
Batting: RHB Jean-Paul St-Pierre
|
0-0: Ball 1-0: Ball 2-0: Swinging Strike 2-1: Swinging Strike 2-2: Strikes out looking
|
Batting: RHB Vicente Carona
|
0-0: Called Strike 0-1: SINGLE (Line Drive, 7S) John Haney scores José Flores to second
|
Batting: RHB Dave Williams
|
0-0: Fielders Choice at 2nd, 6-4 (Groundball, 6)
|
Bottom of the 5th over - 2 run(s), 2 hit(s), 0 error(s), 1 left on base; West Palm 0 - Montgomery 3 |
TOP OF THE 6TH |
West Palm Reds batting - Pitching for Montgomery Biscuits : RHP Scott Walker
|
Batting: RHB Juan Vareas
|
0-0: Ball 1-0: Called Strike 1-1: Ground out 1-3 (Groundball, 13S)
|
Batting: LHB Enrique Cortéz
|
0-0: Ball 1-0: Ball 2-0: Called Strike 2-1: Ground out 4-3 (Groundball, 4)
|
Batting: LHB Jeff McKinney
|
0-0: Ball 1-0: Swinging Strike 1-1: Swinging Strike 1-2: Ball 2-2: Strikes out swinging
|
Top of the 6th over - 0 run(s), 0 hit(s), 0 error(s), 0 left on base; West Palm 0 - Montgomery 3 |
BOTTOM OF THE 6TH |
Montgomery Biscuits batting - Pitching for West Palm Reds : LHP Francisco Nieto
|
Batting: RHB Larry Mitchell
|
0-0: Ball 1-0: Ball 2-0: Called Strike 2-1: Called Strike 2-2: Foul Ball, location: 2F 2-2: Foul Ball, location: 2F 2-2: Foul Ball, location: 2F 2-2: Fly out, F8 (Flyball, 8LXD)
|
Batting: RHB Pete Smith
|
0-0: Ball 1-0: Called Strike 1-1: Ball 2-1: Ball 3-1: Foul Ball, location: 2F 3-2: Foul Ball, location: 2F 3-2: Base on Balls
|
Batting: RHB Gabriel Miranda
|
0-0: Swinging Strike Pete Smith is caught stealing 2nd base 0-1: Ball 1-1: Ball 2-1: Ball 3-1: SINGLE (Groundball, 5)
|
Batting: LHB John Haney
|
0-0: Ball 1-0: TRIPLE (Line Drive, 78M) Gabriel Miranda scores
|
Batting: SHB Andrew Curran
|
0-0: Called Strike 0-1: Ball 1-1: Fly out, F2 (Popup, 23F)
|
Bottom of the 6th over - 1 run(s), 2 hit(s), 0 error(s), 1 left on base; West Palm 0 - Montgomery 4 |
TOP OF THE 7TH |
West Palm Reds batting - Pitching for Montgomery Biscuits : RHP Scott Walker
|
Batting: RHB Jack Ray
|
0-0: Ball 1-0: Swinging Strike 1-1: Ball 2-1: Ball 3-1: Swinging Strike 3-2: Base on Balls
|
Batting: LHB Jeff Doss
|
0-0: Ball 1-0: Foul Ball, location: 2F 1-1: Ball 2-1: TRIPLE (Groundball, 3L) Jack Ray scores
|
Batting: LHB Jermaine Carter
|
0-0: Ball 1-0: Foul Ball, location: 2F 1-1: Foul Ball, location: 2F 1-2: Ball 2-2: Foul Ball, location: 2F 2-2: Ball 3-2: Base on Balls
|
Batting: LHB Bill Smith
|
0-0: Ball 1-0: Ball 2-0: Called Strike 2-1: Foul Ball, location: 2F 2-2: Foul Ball, location: 2F 2-2: Ball 3-2: Foul Ball, location: 2F 3-2: SINGLE (Groundball, 4M) (infield hit) Jeff Doss scores Jermaine Carter to second
|
Pitching: RHP Ángel Ávila
|
|
Batting: SHB Alex Hayes
|
0-0: Ball 1-0: Ball 2-0: Ball 3-0: Base on Balls Jermaine Carter to third Bill Smith to second
|
Pinch Hitting: RHB Juan López
|
0-0: Ball 1-0: Called Strike 1-1: Ball 2-1: Ball 3-1: Swinging Strike 3-2: Fly out, F8 (Flyball, 8LD) Runner from 3rd tags up, SCORES, no throw Bill Smith to third
|
Batting: RHB Juan Vareas
|
0-0: Called Strike 0-1: Foul Ball, location: 2F 0-2: Strikes out swinging
|
Batting: LHB Enrique Cortéz
|
0-0: Ball 1-0: Ball 2-0: Called Strike 2-1: SINGLE (Line Drive, 7S) Bill Smith scores Alex Hayes to second
|
Batting: LHB Jeff McKinney
|
0-0: Called Strike 0-1: Ground out 4-3 (Groundball, 4)
|
Top of the 7th over - 4 run(s), 3 hit(s), 0 error(s), 2 left on base; West Palm 4 - Montgomery 4 |
BOTTOM OF THE 7TH |
Montgomery Biscuits batting - Pitching for West Palm Reds : LHP Francisco Nieto
|
Now at 3B: Ánibal Martínez
|
|
Batting: LHB José Flores
|
0-0: Called Strike 0-1: Ball 1-1: SINGLE (Line Drive, 3D)
|
Batting: RHB Jean-Paul St-Pierre
|
0-0: Called Strike 0-1: Fielders Choice at 2nd, 4-6 (Groundball, 4M)
|
Pitching: RHP Butch Ramey
|
|
Batting: RHB Vicente Carona
|
0-0: Ball 1-0: Swinging Strike 1-1: Ball 2-1: Fly out, F8 (Line Drive, 8LM)
|
Pinch Hitting: SHB Terry O'Farrell
|
0-0: SINGLE (Line Drive, 8LS) Jean-Paul St-Pierre to second
|
Batting: RHB Larry Mitchell
|
0-0: Foul Ball, location: 2F 0-1: Ball 1-1: Called Strike 1-2: Fielders Choice at 2nd, U6 (Groundball, 6M)
|
Bottom of the 7th over - 0 run(s), 2 hit(s), 0 error(s), 2 left on base; West Palm 4 - Montgomery 4 |
TOP OF THE 8TH |
West Palm Reds batting - Pitching for Montgomery Biscuits : RHP Ángel Ávila
|
Now at 1B: Terry O'Farrell
|
|
Batting: RHB Jack Ray
|
0-0: Called Strike 0-1: DOUBLE (Groundball, 5L)
|
Batting: LHB Jeff Doss
|
0-0: Intentional Walk
|
Pinch Hitting: LHB Raúl Cordero
|
0-0: Swinging Strike 0-1: Sac Bunt - play at first, batter OUT! 2-4 Jack Ray to third Jeff Doss to second
|
Batting: LHB Bill Smith
|
0-0: Intentional Walk
|
Pitching: LHP Gonzalo Martínez
|
|
Batting: SHB Alex Hayes
|
0-0: Ball 1-0: Ball 2-0: Ball 3-0: Called Strike 3-1: Foul Ball, location: 2F 3-2: Base on Balls Jack Ray scores Jeff Doss to third Bill Smith to second
|
Pinch Hitting: RHB Carlos García
|
0-0: Fly out, F9 (Flyball, 89D) Runner from 3rd tags up, SCORES, no throw
|
Batting: RHB Juan Vareas
|
0-0: Ball 1-0: SINGLE (Groundball, 4M) Bill Smith to third Alex Hayes to second Runner from 3rd tries for Home, SAFE, no throw or cutoff
|
Batting: LHB Enrique Cortéz
|
0-0: Called Strike 0-1: Ground out 5-3 (Groundball, 6S)
|
Top of the 8th over - 3 run(s), 2 hit(s), 0 error(s), 2 left on base; West Palm 7 - Montgomery 4 |
BOTTOM OF THE 8TH |
Montgomery Biscuits batting - Pitching for West Palm Reds : RHP Butch Ramey
|
Now at 1B: Raúl Cordero
|
|
Now at 3B: Carlos García
|
|
Batting: RHB Pete Smith
|
0-0: Foul Ball, location: 2F 0-1: Swinging Strike 0-2: Strikes out swinging
|
Batting: RHB Gabriel Miranda
|
0-0: Ground out 4-3 (Groundball, 4)
|
Batting: LHB John Haney
|
0-0: Ball 1-0: Foul Ball, location: 2F 1-1: Ball 2-1: Swinging Strike 2-2: DOUBLE (Flyball, 78M)
|
Batting: SHB Andrew Curran
|
0-0: Called Strike 0-1: Called Strike 0-2: Fly out, F6 (Popup, 56D)
|
Bottom of the 8th over - 0 run(s), 1 hit(s), 0 error(s), 1 left on base; West Palm 7 - Montgomery 4 |
TOP OF THE 9TH |
West Palm Reds batting - Pitching for Montgomery Biscuits : LHP Gonzalo Martínez
|
Batting: LHB Jeff McKinney
|
0-0: Foul Ball, location: 2F 0-1: Foul Ball, location: 2F 0-2: Ball 1-2: Foul Ball, location: 2F 1-2: Strikes out looking
|
Batting: RHB Jack Ray
|
0-0: Ball 1-0: Called Strike 1-1: Ball 2-1: Ball 3-1: Foul Ball, location: 2F 3-2: Foul Ball, location: 2F 3-2: Base on Balls
|
Batting: LHB Jeff Doss
|
0-0: Called Strike 0-1: Foul Ball, location: 2F 0-2: Foul Ball, location: 2F 0-2: Ball 1-2: Fly out, F7 (Flyball, 7D)
|
Batting: LHB Raúl Cordero
|
0-0: Ball 1-0: Called Strike 1-1: Ball 2-1: Ball 3-1: Base on Balls Jack Ray to second
|
Batting: LHB Bill Smith
|
0-0: Ball 1-0: Ball 2-0: Ball 3-0: Base on Balls Jack Ray to third Raúl Cordero to second
|
Pinch Hitting: RHB Félix García
|
0-0: Ball 1-0: Foul Ball, location: 2F 1-1: Ball 2-1: Foul Ball, location: 2F 2-2: Ball 3-2: Base on Balls Jack Ray scores Raúl Cordero to third Bill Smith to second
|
Batting: RHB Carlos García
|
0-0: Ball 1-0: Ball 2-0: Ball 3-0: Base on Balls Raúl Cordero scores Bill Smith to third Félix García to second
|
Batting: RHB Juan Vareas
|
0-0: Called Strike 0-1: SINGLE (Line Drive, 6M) Bill Smith scores Félix García to third Carlos García to second
|
Pitching: LHP Trevor Nichols
|
|
Batting: LHB Enrique Cortéz
|
0-0: Called Strike 0-1: Called Strike 0-2: Ball 1-2: Ball 2-2: Ball 3-2: Foul Ball, location: 2F 3-2: Strikes out swinging
|
Top of the 9th over - 3 run(s), 1 hit(s), 0 error(s), 3 left on base; West Palm 10 - Montgomery 4 |
BOTTOM OF THE 9TH |
Montgomery Biscuits batting - Pitching for West Palm Reds : RHP Butch Ramey
|
Now at C: Alejandro Martínez
|
|
Batting: LHB José Flores
|
0-0: Foul Ball, location: 2F 0-1: Ball 1-1: Ball 2-1: Ball 3-1: Fly out, F5 (Popup, 56S)
|
Batting: RHB Jean-Paul St-Pierre
|
0-0: Ball 1-0: Called Strike 1-1: Called Strike 1-2: Strikes out swinging
|
Batting: RHB Vicente Carona
|
0-0: Foul Ball, location: 2F 0-1: Foul Ball, location: 2F 0-2: Fly out, F5 (Popup, 5F)
|
Bottom of the 9th over - 0 run(s), 0 hit(s), 0 error(s), 0 left on base; West Palm 10 - Montgomery 4 |
|